 Dungeon Crawl Stone Soup version 0.20-a0-309-gcba9277 (console) character file.

100 nht the Chopper (level 4, 0/39 HPs)
             Began as a Minotaur Chaos Knight on Dec 19, 2016.
             Slain by a rat (2 damage)
             ... on level 2 of the Dungeon.
             The game lasted 00:02:33 (1224 turns).

nht the Chopper (Minotaur Chaos Knight)             Turns: 1224, Time: 00:02:33

Health: 0/39       AC:  3    Str: 22    XL:     4   Next: 47%
Magic:  3/3        EV: 13    Int:  7    God:    Xom [...*..]
Gold:   71         SH:  0    Dex: 10    Spells: 3/3 levels left

rFire  . . .     SeeInvis .     a - +0 hand axe (chaos)
rCold  . . .     Gourm    .     b - +2 leather armour
rNeg   . . .     Faith    .     (no shield)
rPois  .         Spirit   .     (helmet restricted)
rElec  .         Reflect  .     (no cloak)
rCorr  .         Harm     .     (no gloves)
MR     .....                    (no boots)
Stlth  ++........               (no amulet)
                                (no ring)
                                n - ring of stealth

@: mighty
A: retaliatory headbutt, horns 2, repulsion field 1, deformed body, dopey 1
a: Renounce Religion


You were on level 2 of the Dungeon.
You worshipped Xom.
You were a favourite toy of Xom.
You were not hungry.

You visited 1 branch of the dungeon, and saw 2 of its levels.

You collected 71 gold pieces.

Inventory:

Hand Weapons
 a - a +0 hand axe of chaos (weapon)
Armour
 b - a +2 leather armour (worn)
Jewellery
 n - a ring of stealth (left hand)
Scrolls
 d - a scroll of amnesia {unknown}
 e - a scroll of random uselessness {unknown}
 i - 2 scrolls of blinking {unknown}
 j - a scroll of identify {unknown}
 m - a scroll of magic mapping {unknown}
Potions
 f - a potion of mutation
 h - a potion of cancellation {unknown}
 l - a potion of curing
 o - a potion of resistance {unknown}
Comestibles
 c - a bread ration
 g - a slice of pizza
 p - 4 fruits


   Skills:
 - Level 3.6 Fighting
 + Level 6.4 Axes
 - Level 2.4 Armour
 - Level 1.1 Dodging


You had 3 spell levels left.
You didn't know any spells.

Dungeon Overview and Level Annotations

Branches:
Dungeon (2/15)

Altars:
Xom

Annotations:
D:2 Natasha


Innate Abilities, Weirdness & Mutations

You reflexively headbutt those who attack you in melee.
You have a pair of horns on your head.
You are surrounded by a mild repulsion field. (EV +2)
Armour fits poorly on your strangely shaped body.
You are dopey. (Int -2)


Message History

You closely miss the hobgoblin. Your headbutt misses the hobgoblin.
You hit the shadow imp. The hobgoblin barely misses you.
The shadow imp misses you. You furiously retaliate!
You headbutt the shadow imp!
You kill the shadow imp!
You closely miss the hobgoblin.
Natasha mumbles some strange words.
The hobgoblin closely misses you. You furiously retaliate!
You headbutt the hobgoblin!
You kill the hobgoblin!
The white imp shouts!
Natasha casts a spell at you. The magic dart hits you!
* * * LOW HITPOINT WARNING * * *
You see here a hobgoblin corpse.
You barely miss Natasha. You closely miss the rat. Natasha claws you.
* * * LOW HITPOINT WARNING * * *
The rat bites you.
You die...
Xom chuckles heartily! ... █... ... ... █.█ █+█ █.█ █.█ ████r█████

█.█ █5h@.....█
██.██ █.██.██..█
██...██ █
█.█.<.████.....█
█..............█
█.....████.███.██
█........█ █.█
█...


██████████ █.███.██ █.....█ ███.███ You could see Natasha, a white imp and a
rat.

Vanquished Creatures
  3 adders (D:2)
  A worm (D:2)
  2 dart slugs
  A leopard gecko (D:2)
  6 hobgoblins
  4 jackals (D:1)
  6 kobolds
  A quokka (D:1)
  7 bats
  5 goblins
  4 rats (D:1)
40 creatures vanquished.

Vanquished Creatures (collateral kills)
  A jelly (shapeshifter) (D:2)
1 creature vanquished.

Grand Total: 41 creatures vanquished

Notes
Turn   | Place    | Note
-------+----------+-------------------------------------------
     0 | D:1      | nht the Minotaur Chaos Knight began the quest for the Orb.
     0 | D:1      | Reached XP level 1. HP: 19/19 MP: 0/0
   108 | D:1      | Reached skill level 4 in Axes
   144 | D:1      | Reached XP level 2. HP: 26/26 MP: 1/1
   271 | D:1      | XOM: harmless Hex miscast
   465 | D:1      | Reached skill level 5 in Axes
   520 | D:1      | XOM: scenery: create altars
   532 | D:1      | XOM: 1-stop teleportation journey
   631 | D:2      | XOM: noise
   634 | D:2      | Reached XP level 3. HP: 31/31 MP: 2/2
  1118 | D:2      | Reached skill level 6 in Axes
  1118 | D:2      | Reached XP level 4. HP: 39/39 MP: 3/3
  1159 | D:2      | Noticed a boggart
  1159 | D:2      | an iguana changed into a boggart
  1162 | D:2      | Gained mutation: You are dopey. (Int -2) [potion of mutation]
  1162 | D:2      | Gained mutation: Armour fits poorly on your strangely shaped body. [potion of mutation]
  1162 | D:2      | Gained mutation: You are surrounded by a mild repulsion field. (EV +2) [potion of mutation]
  1164 | D:2      | a boggart changed into a jelly
  1164 | D:2      | XOM: polymorph boggart -> jelly
  1165 | D:2      | HP: 1/39 [acid (8)]
  1166 | D:2      | XOM: cast spell 'Summon Ice Beast'
  1221 | D:2      | Noticed Natasha
  1224 | D:2      | Slain by a rat

Vault maps used:
D:1:      elethiomel_arrival_maze
D:2:      cheibrodos_helix_gallery, kennysheep_generic_room_14, uniq_natasha

Skill      XL: |  1  2  3 |
---------------+----------+-----
Axes           | 4 5 6 |  6.4
Fighting       | |  3.6
Armour         | |  2.4
Dodging        | |  1.1

Action                   |  1- 3 |  4- 6 || total
-------------------------+-------+-------++-------
Melee: Hand axe          |    84 |    13 ||    97
       Headbutt          |     9 |     2 ||    11
  Use: Potion            |       |     3 ||     3
  Eat: Chunk             |     1 |       ||     1
Armor: Leather armour    |    25 |     1 ||    26
Dodge: Dodged            |    54 |     7 ||    61
